Map: Ruines de Seras

Players

MrTea

  • Race: Zerg Zerg
  • League: Diamond

Worming - Winner!

  • Race: Zerg Zerg
  • League: Diamond

VOD

Have the link to the VOD?

Description

Time

  • Played on: Nov. 26, 2015, 2:42 p.m.
  • Length: 10:06
Show
View Real Time Build Order
Export as new Build Order

MrTea Zerg 

Build Orders: Hatch First 

Get SALT Encoding   

  12  0:02  Drone  
  13  0:12  Overlord  
  13  0:18  Drone  
  14  0:21  Extractor  
  14  0:23  Drone  
  15  0:31  Drone  
  15  0:35  Drone  
  17  0:54  Hatchery  
  16  0:57  Drone  
  16  1:00  Extractor  
  16  1:01  Drone  
  17  1:08  Overlord  
  17  1:17  Drone  
  18  1:30  Drone  
  19  1:39  Drone  
  20  1:49  Spawning Pool  
  19  2:02  Drone  
  19  2:04  Drone  
  21  2:09  Hatchery  
  21  2:13  Drone x2  
  22  2:18  Drone  
  22  2:21  Extractor  
  19  2:32  Drone x2  
  19  2:35  Metabolic Boost  
  21  2:38  Drone  
  21  2:41  Queen  
  24  2:48  Zergling x2  
  26  2:51  Drone  
  26  2:56  Drone  
  27  3:00  Drone  
  28  3:10  Drone  
  29  3:14  Drone  
  30  3:23  Queen  
  30  3:24  Baneling Nest, Queen  
  30  3:25  Drone  
  34  3:28  Drone  
  34  3:33  Overlord  
  35  3:36  Drone  
  35  3:39  Drone  
  35  3:40  Drone  
  38  3:42  Drone  
  38  3:44  Drone  
  40  3:50  Drone x2  
  41  3:58  Zergling x8  
  45  4:07  Drone x3  
  48  4:10  Extractor  
  48  4:11  Lair  
  48  4:13  Drone  
  48  4:21  Baneling  
  48  4:22  Baneling  
  48  4:24  Zergling x4  
  48  4:28  Queen  
  48  4:35  Baneling  
  48  4:42  Drone  
  48  4:43  Drone  
  48  4:44  Overlord  
  48  4:45  Overlord x3  
  50  4:49  Extractor x2  
  48  4:56  Roach Warren  
  48  4:59  Drone, Evolution Chamber  
  46  5:00  Drone x4  
  45  5:13  Zergling x6  
  45  5:14  Zergling x2  
  48  5:15  Zergling x2  
  48  5:16  Zergling x4  
  48  5:17  Zergling x2  
  48  5:20  Zergling x2  
  50  5:21  Zergling x2  
  49  5:34  Baneling  
  49  5:36  Zergling x8  
  49  5:37  Zergling x2  
  49  6:07  Roach  
  49  6:08  Roach x10  
  49  6:09  Roach  
  72  6:12  Roach  
  72  6:16  Roach  
  76  6:21  Roach x2  
  80  6:28  Overlord  
  80  6:33  Overlord  
  80  6:34  Overlord  
  80  6:41  Zergling x2  
  81  6:47  Zergling x2  
  81  6:48  Zergling x6  
  80  7:06  Zergling x14  
  70  7:16  Zergling x2  
  70  7:17  Zergling x12  
  70  7:22  Ravager x7  
  84  7:26  Zergling x6  
  87  7:34  Zerg Missile Weapons Level 1  
  87  7:35  Zergling x4  
  89  7:41  Zergling x6  
  92  7:45  Zergling x4  
  92  7:46  Zergling x4  
  54  8:20  Drone x4  
  54  8:21  Drone x5  
  61  8:28  Drone x4  
  61  8:29  Drone  
  53  8:42  Roach x4  
  53  8:47  Roach x3  
  69  8:55  Roach x3  
  75  9:03  Spine Crawler  
  75  9:04  Roach x2  
  75  9:05  Roach, Spine Crawler  
  79  9:10  Roach  
  79  9:11  Roach  
  79  9:18  Roach  
  79  9:19  Roach  
  79  9:23  Roach x3  
  89  9:27  Ravager  
  89  9:30  Overlord  
  88  9:46  Overlord  
Show
View Real Time Build Order
Export as new Build Order

Worming Zerg - Winner!

Build Orders: Pool First 

Get SALT Encoding   

  12  0:01  Drone  
  13  0:09  Drone  
  14  0:20  Drone, Extractor  
  14  0:21  Extractor  
  14  0:22  Drone  
  16  0:36  Spawning Pool  
  15  1:00  Hatchery  
  14  1:06  Overlord  
  14  1:13  Extractor  
  13  1:23  Zergling x2  
  13  1:25  Drone x2  
  16  1:39  Queen  
  18  1:45  Drone x2  
  20  1:55  Overlord  
  20  2:06  Drone  
  21  2:13  Drone  
  21  2:33  Metabolic Boost  
  21  2:35  Drone x4  
  21  2:36  Queen  
  27  2:42  Baneling Nest  
  26  2:48  Overlord  
  26  3:01  Overlord  
  26  3:11  Drone x5  
  31  3:24  Zergling x4  
  33  3:38  Zergling x2  
  33  3:39  Zergling x2  
  35  3:41  Drone x2  
  35  3:43  Hatchery  
  36  4:01  Drone x8  
  44  4:06  Evolution Chamber  
  43  4:14  Lair  
  43  4:17  Drone x3  
  46  4:27  Zergling x10  
  50  4:38  Zerg Missile Weapons Level 1  
  50  4:39  Roach Warren  
  50  4:40  Baneling x2  
  50  4:41  Baneling  
  50  4:42  Baneling, Zergling x2  
  50  4:43  Zergling x2  
  50  4:44  Overlord  
  47  5:19  Overlord x2, Glial Reconstitution  
  47  5:23  Extractor x2  
  47  5:24  Zergling x2, Extractor  
  47  5:25  Zergling x4  
  46  5:29  Overlord  
  46  5:36  Baneling  
  46  5:42  Drone x2  
  46  6:03  Roach x9  
  63  6:06  Baneling x2  
  63  6:10  Drone x5  
  66  6:18  Roach  
  68  6:23  Roach x2  
  68  6:24  Roach x3  
  78  6:27  Ravager  
  81  6:32  Roach  
  81  6:33  Roach  
  83  6:43  Drone x4  
  83  6:45  Drone  
  83  6:46  Drone  
  84  7:07  Roach  
  84  7:08  Roach x2  
  90  7:14  Overlord x3  
  86  7:17  Queen x2  
  86  7:20  Overlord  
  90  7:27  Hydralisk Den  
  89  7:30  Ravager  
  89  7:32  Ravager x2  
  89  7:33  Ravager  
  93  7:37  Zerg Missile Weapons Level 2  
  93  7:38  Overlord  
  93  7:40  Zergling x6, Roach x3  
  93  7:44  Drone, Extractor  
  103  7:50  Extractor  
  95  8:00  Roach x5  
  92  8:12  Roach  
  90  8:13  Roach x6  
  90  8:14  Overseer  
  97  8:37  Roach x8  
  113  8:44  Hatchery  
  112  8:56  Roach x4  
  112  9:00  Overlord  
  120  9:08  Hatchery  
  119  9:35  Roach x6  
  131  9:47  Overlord x2  
Tags
 
Add a new tag
Caveats
  • Supply blocks, unpowered buildings, or Contaminate may cause inaccurate times.
  • Supply counts are checked every 10 seconds.